[Event "*** SCC Grand Prix: Titled Tuesday Blitz"]
[Site "Chess.com"]
[Date "2020.07.14"]
[Round "5"]
[White "TimofeevAr"]
[Black "keshka01"]
[Result "1-0"]
[WhiteElo "2790"]
[BlackElo "2562"]
[TimeControl "180+1"]
[EndTime "10:56:26 PDT"]
[Termination "TimofeevAr won by resignation"]

1. c4 g6 2. Nc3 Bg7 3. g3 c5 4. Bg2 Nc6 5. d3 d6 6. Bd2 Bd7 7. Nf3 Nf6 8. Qc1 O-O 9. Bh6 Nd4 10. Bxg7 Kxg7 11. O-O Bc6 12. e4 Rb8 13. Nxd4 cxd4 14. Nd5 e6 15. Nxf6 Qxf6 16. f4 Rfc8 17. a4 d5 18.
cxd5 exd5 19. e5 Qe7 20. Qd2 Bd7 21. Bxd5 Rc5 22. Bc4 Rbc8 23. b3 a6 24. a5 Bf5 25.
Rfe1 Qd7 26. Qe2 Bg4 27. Qe4 Bf5 28. Qf3 h5 29. Qf2 R5c7 30. Re2 Bg4 31. Re4 Rd8 32.
Rae1 Bf5 33. e6 Qd6 34. e7 Re8 35. Qxd4+ Qxd4+ 36. Rxd4 Rexe7 37. Rxe7 Rxe7 38. Kf2 Kf8 39. Rd5 Rc7 40. Ke3 Be6 41. Re5 Bf5 42. Kd2 Rd7 43. Kc3 Rc7 44. b4 Bd7 45. Rc5 Rxc5 46. bxc5 Bc6 47. d4 Bg2 48. d5 f6 49. Kd4 Ke7 50. d6+ Kd7 51. Bd5 Bxd5 52. Kxd5 g5 53. fxg5 fxg5 54. Ke5 g4 55. Kf5 b5 56. cxb6 1-0

[Event "*** SCC Grand Prix: Titled Tuesday Blitz"]
[Site "Chess.com"]
[Date "2020.07.14"]
[Round "5"]
[White "OnePeculiarConundrum"]
[Black "Fighter008"]
[Result "0-1"]
[WhiteElo "2357"]
[BlackElo "2533"]
[TimeControl "180+1"]
[EndTime "10:56:26 PDT"]
[Termination "Fighter008 won by resignation"]

1. e4 c5 2. Nf3 e6 3. g3 b6 4. Bg2 Bb7 5. O-O Bxe4 6. d4 Nf6 7. Re1 Bb7 8. c4 cxd4 9. Qxd4 Nc6 10. Qd1 Be7 11. Nc3 O-O 12. Bf4 d6 13. Nb5 e5 14.
Be3 Rc8 15. b3 d5 16. cxd5 Nxd5 17. Rc1 a6 18. Nc3 Nxc3 19. Rxc3 Bb4 20. Qxd8 Rfxd8 21. Rec1 Bxc3 22. Rxc3 e4 23. Nd2 f5 24. g4 Ne5 25.
Rxc8 Rxc8 26. gxf5 Rc1+ 27. Bf1 Rd1 28. Kg2 Ng4 29.
Bc4+ Kf8 30. Nf1 Nxe3+ 31. Nxe3 Rd2 32. a4 a5 33. Kg3 Ke7 34. Ng4 Kd6 35. f6 gxf6 36.
Nxf6 h6 37. h4 Ke5 38. Ng4+ Kd4 39. Nxh6 Bd5 40. Nf5+ Kc3 41. Ne3 Bxc4 42. Nxc4 Rd5 43. Nxb6 Rf5 44. Kg4 Rxf2 45. Nc4 Kd3 46. Kg3 e3 47. h5 Rf8 48. h6 e2 49. h7 e1=Q+ 50.
Kg4 Qg1+ 51. Kh3 Rh8 52. Ne5+ Kc3 53. Ng4 0-1

[Event "*** SCC Grand Prix: Titled Tuesday Blitz"]
[Site "Chess.com"]
[Date "2020.07.14"]
[Round "5"]
[White "Barmen_EV"]
[Black "jonychess03"]
[Result "1-0"]
[WhiteElo "2434"]
[BlackElo "2299"]
[TimeControl "180+1"]
[EndTime "10:56:27 PDT"]
[Termination "Barmen_EV won on time"]

1. d4 Nf6 2. c4 e6 3. Nc3 Bb4 4. e3 c5 5. a3 Bxc3+ 6. bxc3 d5 7. Bd3 O-O 8. cxd5 exd5 9. Ne2 b6 10. O-O Nc6 11.
f3 Re8 12. Ng3 cxd4 13. cxd4 Bb7 14. Ra2 Na5 15. Raf2 Rc8 16. h3 a6 17. Nf5 b5 18. e4 dxe4 19. fxe4 Bxe4 20. Bg5 Bxf5 21. Bxf5 Rc6 22. Bb1 Nc4 23. Qd3 Qd7 24. Rxf6 Rxf6 25.
Qxh7+ Kf8 26. Qh8+ Ke7 27. Qxg7 Qxd4+ 28. Kh1 Kd7 29.
Bxf6 Qd5 30. Bf5+ Kc6 31. Bg4 Kb6 32. Bd4+ Ka5 33. Bc3+ Ka4 34. Bb4 Ne3 35. Bf3 Qe5 36. Qh7 a5 37. Bd1+ 1-0

[Event "*** SCC Grand Prix: Titled Tuesday Blitz"]
[Site "Chess.com"]
[Date "2020.07.14"]
[Round "5"]
[White "KingChess345"]
[Black "Haapana"]
[Result "0-1"]
[WhiteElo "2155"]
[BlackElo "2339"]
[TimeControl "180+1"]
[EndTime "10:56:27 PDT"]
[Termination "Haapana won by checkmate"]

1. d4 Nf6 2. Nf3 g6 3. g3 Bg7 4. Bg2 O-O 5. O-O d5 6. c4 c6 7. Qb3 dxc4 8. Qxc4 Na6 9. Nc3 Be6 10. Qd3 h6 11.
Bf4 Qc8 12. Be5 Rd8 13. Qc2 Nb4 14. Qc1 Nbd5 15. Rd1 Bg4 16. Na4 b6 17. a3 Qe6 18.
Qc2 Bf5 19. Qb3 Be4 20. Rac1 Rac8 21. Nc3 Nxc3 22. Rxc3 Qxb3 23. Rxb3 Bc2 24. Rbd3 Bxd1 25. Rxd1 c5 26. e3 Nd5 27. Bxg7 Kxg7 28. Ne5 cxd4 29. Rxd4 Nf6 30. Ra4 Rc1+ 31. Bf1 Rdd1 32. Rxa7 Rxf1+ 33. Kg2 Ne4 34. Rxe7 Rxf2+ 35. Kh3 Rc5 36. Nd3 Rh5+ 37. Kg4 Nf6# 0-1

[Event "*** SCC Grand Prix: Titled Tuesday Blitz"]
[Site "Chess.com"]
[Date "2020.07.14"]
[Round "5"]
[White "alexsergeyev"]
[Black "vanImpe"]
[Result "0-1"]
[WhiteElo "2344"]
[BlackElo "2516"]
[TimeControl "180+1"]
[EndTime "10:56:28 PDT"]
[Termination "vanImpe won on time"]

1. d4 g6 2. Nc3 Bg7 3. e4 c5 4. d5 d6 5. Nf3 Nf6 6. Bb5+ Bd7 7. Qe2 O-O 8. O-O e6 9. Bg5 h6 10. Bh4 exd5 11. Nxd5 Nc6 12. Rad1 g5 13. Bg3 Bg4 14. Bxc6 bxc6 15. Nxf6+ Qxf6 16. Rxd6 Qxb2 17. Rxc6 Qxa2 18. Rxc5 Rfc8 19. Qb5 Rxc5 20. Qxc5 Rc8 21. Qd5 Qxc2 22. Ne5 Be6 23. Qb7 Qc5 24. Nd3 Qb6 25. Qxb6 axb6 26. Rb1 Rc3 27. Nb4 Rb3 28. Rxb3 Bxb3 29.
h4 b5 30. hxg5 hxg5 31. Bd6 Bf8 32. e5 g4 33. f4 gxf3 34. gxf3 Bh6 35. Kf2 Bc4 36. Kg3 Kg7 37. f4 Kg6 38. Kg4 Be2+ 39. Kg3 Kf5 40. Nd5 Bc4 41. Ne7+ Ke4 42. f5 Bf4+ 43.
Kg4 Bxe5 44. Bb4 Bd4 45. Nc6 Bf6 0-1

[Event "*** SCC Grand Prix: Titled Tuesday Blitz"]
[Site "Chess.com"]
[Date "2020.07.14"]
[Round "5"]
[White "amatatanav"]
[Black "GuuBol"]
[Result "1-0"]
[WhiteElo "2468"]
[BlackElo "2239"]
[TimeControl "180+1"]
[EndTime "10:56:28 PDT"]
[Termination "amatatanav won by resignation"]

1. e4 c5 2. Ne2 d6 3. g3 Nf6 4. Bg2 Nc6 5. c3 g6 6. d4 cxd4 7. cxd4 Bg7 8. O-O O-O 9. Nbc3 e5 10. h3 Qb6 11. Na4 Qa5 12. Bd2 Qc7 13. Rc1 Qe7 14. d5 Nd4 15. Nxd4 exd4 16. b3 Re8 17. Re1 Bd7 18. Nb2 Bb5 19. a4 Ba6 20. b4 b6 21.
b5 Bb7 22. Bb4 Nd7 23. Nc4 Nc5 24. a5 Rad8 25. axb6 axb6 26. Nxb6 Qc7 27. Na4 f5 28. Nxc5 dxc5 29. Bxc5 Qa5 30. Qb3 fxe4 31. Rxe4 Rxe4 32.
Bxe4 Qd2 33. Rd1 Qe2 34. d6+ Kh8 35. Bxb7 Rf8 36. Rf1 d3 37. Bg2 d2 38. Be3 Rd8 39.
Rd1 Rxd6 40. Kh2 h5 41. Qc2 Kh7 42. Rxd2 Qxb5 43. Rxd6 1-0

[Event "*** SCC Grand Prix: Titled Tuesday Blitz"]
[Site "Chess.com"]
[Date "2020.07.14"]
[Round "5"]
[White "2nd_life"]
[Black "dpopadic"]
[Result "1-0"]
[WhiteElo "2475"]
[BlackElo "2325"]
[TimeControl "180+1"]
[EndTime "10:56:28 PDT"]
[Termination "2nd_life won by checkmate"]

1. e4 c5 2. Nf3 Nc6 3. Bb5 d6 4. O-O Bd7 5. Re1 Nf6 6. h3 g6 7. c3 Bg7 8. d4 O-O 9. d5 Nb8 10. Bf1 Bc8 11. c4 Nbd7 12. Nc3 a6 13. a4 b6 14. Bf4 Ne8 15. Qd2 Ne5 16. Nxe5 dxe5 17. Bh6 Nd6 18. Bxg7 Kxg7 19. f4 exf4 20. Qxf4 Ra7 21.
Bd3 Qc7 22. e5 Ne8 23. Re3 Kg8 24. Rf1 Ng7 25. g4 Bb7 26. b3 e6 27. d6 Qd8 28.
Be4 Qh4 29. Bxb7 Rxb7 30. Ne4 Ne8 31. Kg2 a5 32. Ref3 Rd7 33. Qe3 Kg7 34. g5 h6 35.
Nf6 Nxf6 36. gxf6+ Kh7 37. Rf4 Qh5 38. Kh2 Rh8 39. Rg4 Rg8 40. Qg3 Kh8 41. Rh4 Qe2+ 42. Rf2 Qxf2+ 43. Qxf2 Kh7 44. Rxh6+ Kxh6 45. Qh4# 1-0

[Event "*** SCC Grand Prix: Titled Tuesday Blitz"]
[Site "Chess.com"]
[Date "2020.07.14"]
[Round "5"]
[White "Cocaino74"]
[Black "TioCridineno"]
[Result "0-1"]
[WhiteElo "2321"]
[BlackElo "2164"]
[TimeControl "180+1"]
[EndTime "10:56:28 PDT"]
[Termination "TioCridineno won by checkmate"]

1. e4 c5 2. Nf3 d6 3. Bb5+ Bd7 4. Bxd7+ Nxd7 5. O-O Ngf6 6. Qe2 e5 7. c3 Be7 8. d4 O-O 9. d5 a6 10. a4 b6 11. h3 Re8 12. Na3 Nf8 13. Bg5 N6d7 14.
Be3 Ng6 15. b4 Qc7 16. b5 a5 17. Nc4 Rf8 18. g3 f5 19. Nfd2 f4 20. h4 fxe3 21. Nxe3 Bxh4 22. gxh4 Nxh4 23. Ng2 Nxg2 24. Kxg2 Rf6 25.
Rh1 Rg6+ 26. Kf1 Nf8 27. Nf3 Qf7 28. Ke1 Qf4 29. c4 Ra7 30. Kd1 Rf7 31. Ra3 Rg4 32.
Nh2 Rh4 33. f3 Rf6 34. Rd3 Rfh6 35. Rd2 Ng6 36. Kc2 Qg3 37. Qf2 Qxf2 38. Rxf2 Nf4 39. Kd2 Kf7 40. Kc2 R6h5 41. Kd2 Rh3 42. Kc2 R5h4 43. Kd2 g5 44. Kc2 h5 45. Kd2 Kf6 46. Kd1 Kg6 47. Kc2 g4 48. fxg4 hxg4 49. Rg1 Rxh2 50.
Rxg4+ Rxg4 51. Rxh2 Rg2+ 52. Rxg2+ Nxg2 53. Kd3 Kg5 54. Ke2 Kf4 55. Kf2 Ne3 56. Ke2 Nxc4 57. Kd3 Nb2+ 58.
Kc2 Nxa4 59. Kb3 Kxe4 60. Kxa4 Kxd5 61. Kb3 Kd4 62. Kc2 e4 63. Kd2 e3+ 64. Ke2 Ke4 65. Ke1 d5 66. Ke2 d4 67. Ke1 d3 68. Kd1 c4 69. Ke1 c3 70. Kd1 Kf3 71. Ke1 c2 72.
Kf1 c1=Q# 0-1

[Event "*** SCC Grand Prix: Titled Tuesday Blitz"]
[Site "Chess.com"]
[Date "2020.07.14"]
[Round "5"]
[White "StockholmMissile"]
[Black "Mischuk_D"]
[Result "0-1"]
[WhiteElo "2460"]
[BlackElo "2644"]
[TimeControl "180+1"]
[EndTime "10:56:31 PDT"]
[Termination "Mischuk_D won by resignation"]

1. d4 d5 2. c4 e6 3. Nf3 c5 4.
cxd5 exd5 5. g3 Nc6 6. Bg2 Nf6 7.
O-O Be7 8. Nc3 O-O 9. Bf4 c4 10. Ne5 Bb4 11. Bg5 Bxc3 12. bxc3 Be6 13. Rb1 h6 14. Bxf6 Qxf6 15. f4 Qe7 16. f5 Bc8 17. Bxd5 Nxe5 18. dxe5 Qxe5 19. Qd4 Qxe2 20. Rbe1 Qd3 21.
Bxc4 Qxd4+ 22. cxd4 Bd7 23. Re7 Rad8 24. f6 g5 25. Rd1 b5 26. Bb3 a5 27. d5 a4 28.
Bc2 Bg4 29. Rd4 Bf3 30. d6 Rb8 31. d7 Rfd8 32. a3 Bc6 33. Bf5 Kf8 34. Rd6 Bf3 35. Rd4 Rb6 36. Bd3 Rxf6 37. Re3 Bc6 38. Be4 Rxd7 39.
Rxd7 Bxd7 40. Rd3 Be8 41. Rc3 Rb6 42. Rc5 b4 43. axb4 Rxb4 44. Bd5 Rb5 45. Rxb5 Bxb5 46. Kf2 Bd7 47. Ke3 Be6 48. Bxe6 fxe6 49. Kd3 e5 50. Kc3 e4 0-1

[Event "*** SCC Grand Prix: Titled Tuesday Blitz"]
[Site "Chess.com"]
[Date "2020.07.14"]
[Round "5"]
[White "sotochess"]
[Black "AttackSparrow"]
[Result "1-0"]
[WhiteElo "2436"]
[BlackElo "2304"]
[TimeControl "180+1"]
[EndTime "10:56:31 PDT"]
[Termination "sotochess won on time"]

1. e4 c5 2. Nf3 e6 3. d4 cxd4 4.
Nxd4 Nc6 5. Nb5 d6 6. Bf4 e5 7.
Be3 a6 8. N5c3 Be6 9. Nd5 Nf6 10. Bb6 Qc8 11. Nc7+ Kd7 12. Nxa8 Qxa8 13. Nc3 Be7 14. Be2 Rc8 15. O-O Ke8 16. Kh1 Kf8 17. f4 exf4 18.
Rxf4 Ne5 19. Bd4 Kg8 20. a4 Qb8 21. Rf1 Qc7 22. Bd3 h6 23. Qd2 Neg4 24. h3 Ne5 25.
Rae1 Nh5 26. Qf2 Qd8 27. Bb6 Qe8 28. Nd5 Bg5 29. b3 Kh8 30. Be3 Bd8 31. Nf4 Nf6 32. Nxe6 Qxe6 33. Bd4 Bc7 34. Qf5 Qe8 35. Be3 Rd8 36.
Bxh6 Ng6 37. Bxg7+ Kxg7 38. Qxf6+ Kg8 39. e5 dxe5 40.
Bc4 Rd6 41. Bxf7+ Kf8 42. Bxe8+ Rxf6 43. Rxf6+ Kxe8 44. Rxg6 1-0

[Event "*** SCC Grand Prix: Titled Tuesday Blitz"]
[Site "Chess.com"]
[Date "2020.07.14"]
[Round "5"]
[White "denispopov"]
[Black "AungTZ"]
[Result "1-0"]
[WhiteElo "1772"]
[BlackElo "2117"]
[TimeControl "180+1"]
[EndTime "10:56:31 PDT"]
[Termination "denispopov won by resignation"]

1. e4 c5 2. Nc3 a6 3. d4 cxd4 4. Qxd4 Nc6 5. Qd2 d6 6. b3 g6 7.
Bb2 Bg7 8. O-O-O Nf6 9. f3 O-O 10. Kb1 b5 11. g4 Bb7 12. h4 Nd7 13. h5 b4 14. Nd5 Bxb2 15. Kxb2 e6 16. Nxb4 Qf6+ 17.
Kb1 Nxb4 18. Qxb4 Nc5 19. hxg6 hxg6 20. Qd4 Qxd4 21. Rxd4 d5 22. e5 Nd7 23. f4 g5 24.
Nf3 gxf4 25. Bg2 Kg7 26. Rxf4 Rh8 27. Re1 Nc5 28. Ng5 Raf8 29. Ref1 Kg6 30. Nxf7 Rh2 31.
Bh1 Rxh1 32. Rxh1 Rxf7 33. Rxf7 Kxf7 34. Rh7+ Kg6 35. Rc7 Ne4 36. Rxb7 Nf2 37. Re7 Nxg4 38. Rxe6+ Kf5 39. Rxa6 Nxe5 40. Ra5 Ke4 41. Rc5 d4 42. Rxe5+ Kxe5 43. Kc1 Kd5 44. Kd2 Kc5 45. Kd3 Kb4 46.
Kxd4 Ka3 47. c4 Kxa2 48. c5 Kb2 49. c6 Kc2 50. c7 Kxb3 51. c8=Q Kb4 52. Qc5+ Kb3 53.
Qc4+ Kb2 54. Qc3+ 1-0

[Event "*** SCC Grand Prix: Titled Tuesday Blitz"]
[Site "Chess.com"]
[Date "2020.07.14"]
[Round "5"]
[White "rpragchess"]
[Black "Herracek"]
[Result "1-0"]
[WhiteElo "2804"]
[BlackElo "2569"]
[TimeControl "180+1"]
[EndTime "10:56:32 PDT"]
[Termination "rpragchess won by resignation"]

1. d4 Nf6 2. Bf4 c5 3. e3 Qb6 4. Nc3 cxd4 5. exd4 Nc6 6. Qd2 Qxd4 7. Qxd4 Nxd4 8. O-O-O Ne6 9. Bg3 a6 10. Nf3 b5 11. a4 b4 12. Na2 a5 13. Bb5 Ba6 14.
Ne5 Nc5 15. Bh4 Bxb5 16. axb5 Rb8 17. c4 bxc3 18. Nxc3 Nce4 19. Bxf6 Nxc3 20. Nxd7 Nxd1 21.
Nxb8 Nxf2 22. Rf1 gxf6 23. Rxf2 Bh6+ 24. Kc2 e6 25. Rf3 f5 26. Rd3 Ke7 27. Nc6+ Kf6 28. Kb3 Bf4 29. g3 Bc7 30. Kc4 Rc8 31. Kc5 f4 32. b6 fxg3 33. hxg3 Be5 34. b7 Rc7 35.
Kb6 Rxc6+ 36. Kxc6 h5 37. Rd6 Bxg3 38. b8=Q h4 39.
Qd8+ Kg6 40. Rd4 f5 41. Rxh4 Bxh4 42. Qxh4 e5 43. Kd5 e4 44. Ke5 e3 45. Qf6+ 1-0

[Event "*** SCC Grand Prix: Titled Tuesday Blitz"]
[Site "Chess.com"]
[Date "2020.07.14"]
[Round "5"]
[White "MIlorenzana271"]
[Black "wannabe2700"]
[Result "0-1"]
[WhiteElo "2396"]
[BlackElo "2666"]
[TimeControl "180+1"]
[EndTime "10:56:32 PDT"]
[Termination "wannabe2700 won by checkmate"]

1. e4 e6 2. d4 d5 3. Nc3 Bb4 4. e5 c5 5. a3 Ba5 6. Bd2 Nc6 7. Nb5 Bxd2+ 8. Qxd2 Nxd4 9. Nxd4 cxd4 10. Qxd4 Ne7 11.
Nf3 O-O 12. Bd3 h6 13. h4 Bd7 14. O-O-O b5 15. Rh3 a5 16. Rg3 Kh8 17. Qf4 Ng6 18. Qg4 Rg8 19. Bxg6 fxg6 20. Qxg6 Qe8 21. Nd4 b4 22.
Rdd3 Qxg6 23. Rxg6 Rge8 24. Rdg3 Re7 25. f4 Rf8 26.
Rf3 Kh7 27. Rgg3 g6 28. axb4 axb4 29. Kd2 Rc8 30. Rb3 Rc4 31. Rgd3 Ba4 32. g3 Kg8 33.
Ke3 Kf7 34. Rd1 Bxb3 35. cxb3 Rc8 36. Ra1 g5 37. hxg5 hxg5 38. Ra6 gxf4+ 39. gxf4 Rc1 40. f5 Re1+ 41. Kd2 Re4 42. fxe6+ Kg6 43. Nf3 Kf5 44.
Rd6 Kf4 45. Ne1 Kxe5 46. Rd7 Rxe6 47. Nd3+ Kd4 48. Nxb4 Re2+ 49. Kc1 Re1+ 50. Kc2 R6e2# 0-1

[Event "*** SCC Grand Prix: Titled Tuesday Blitz"]
[Site "Chess.com"]
[Date "2020.07.14"]
[Round "5"]
[White "cottage_cheese"]
[Black "QueenOfTactics90"]
[Result "1-0"]
[WhiteElo "2162"]
[BlackElo "1996"]
[TimeControl "180+1"]
[EndTime "10:56:32 PDT"]
[Termination "cottage_cheese won by checkmate"]

1. e4 c5 2. Nf3 Nc6 3. Bb5 g6 4. Bxc6 dxc6 5. d3 Bg7 6. h3 e5 7. Be3 Qd6 8. Nbd2 b6 9. Nc4 Qc7 10. a4 Bb7 11. a5 Ne7 12. Qd2 O-O 13. O-O Rfd8 14. Qc3 f6 15. Qb3 Nc8 16. a6 Kh8 17.
axb7 Qxb7 18. Nh2 h5 19. f4 exf4 20. Bxf4 b5 21. e5 Qd7 22. Nd6 Nxd6 23. exd6 g5 24. Bg3 h4 25. Bf2 Qxd6 26. Qc3 c4 27. dxc4 f5 28.
Qb3 bxc4 29. Qxc4 Rab8 30. Rae1 Rb4 31. Qf7 Rxb2 32. Re6 Qf8 33. Qh5+ Kg8 34. Rfe1 Rbb8 35. Qxg5 Qf7 36. Re7 Qf6 37. Qh5 Rb1 38. Bxh4 Rxe1+ 39. Rxe1 Qd4+ 40. Kh1 Qf4 41. Bxd8 Be5 42. Qe8+ Kh7 43.
Qxe5 Qf2 44. Qe7+ Kg6 45. Re6+ Kh5 46. Qh7# 1-0

[Event "*** SCC Grand Prix: Titled Tuesday Blitz"]
[Site "Chess.com"]
[Date "2020.07.14"]
[Round "5"]
[White "wonderfultime"]
[Black "VladimirBelous"]
[Result "1-0"]
[WhiteElo "2970"]
[BlackElo "2739"]
[TimeControl "180+1"]
[EndTime "10:56:33 PDT"]
[Termination "wonderfultime won on time"]

1. d4 Nf6 2. Nf3 g6 3. Bg5 Bg7 4. Nbd2 d6 5. c3 O-O 6. e4 Nbd7 7. Bc4 c6 8. Bb3 e5 9. O-O Qc7 10. Re1 h6 11. Bh4 Re8 12. Qc2 Nh5 13. Bg3 a5 14. a4 Nxg3 15. hxg3 Nf6 16. Rad1 Bg4 17. Nc4 Rad8 18.
dxe5 Bxf3 19. exd6 Bxd1 20. dxc7 Bxc2 21. cxd8=Q Rxd8 22. Bxc2 Bf8 23. e5 Ng4 24. Bd1 h5 25. Bxg4 hxg4 26.
Kf1 b5 27. axb5 cxb5 28. Ne3 Bc5 29. Nxg4 Rd2 30. Nf6+ Kg7 31. Ne4 Rd5 32. f4 Be7 33. Ke2 b4 34. Rd1 Rb5 35. Rd7 Kf8 36. c4 Rb8 37.
Ra7 Rd8 38. c5 b3 39. Rxa5 Rd4 40. Ra8+ Kg7 41. Nd6 Rd5 42. Ra7 Rxc5 43. Rxe7 Rc2+ 44. Kf3 Rxb2 45. Rxf7+ Kh6 46. Rb7 Rb1 47. Nf7+ Kh5 48.
g4+ Kh4 49. g3+ Kh3 50. Ng5+ Kh2 51. Rh7+ Kg1 52. Nh3+ Kf1 53. Nf2 Ke1 54. Rh1+ 1-0

[Event "*** SCC Grand Prix: Titled Tuesday Blitz"]
[Site "Chess.com"]
[Date "2020.07.14"]
[Round "5"]
[White "CrushingKings"]
[Black "platy3"]
[Result "0-1"]
[WhiteElo "2555"]
[BlackElo "2769"]
[TimeControl "180+1"]
[EndTime "10:56:33 PDT"]
[Termination "platy3 won by checkmate"]

1. e4 c5 2. d4 cxd4 3. c3 Nf6 4. e5 Nd5 5. Nf3 Nc6 6. Bc4 e6 7. cxd4 d6 8. O-O Be7 9. a3 O-O 10. Qe2 b6 11. Bd2 Bb7 12. Nc3 dxe5 13. dxe5 Na5 14.
Ba2 Nxc3 15. Bxc3 Rc8 16. Rac1 Rc7 17. Nd4 Qc8 18. Rfe1 a6 19. Qg4 Nc4 20. h4 Bd5 21. h5 h6 22. Bb1 Nxa3 23. Be4 Bxe4 24. Rxe4 Nb5 25. Nxb5 axb5 26. Rd1 Rd8 27. Rde1 Rcd7 28. Qg3 Rd1 29. Rxd1 Rxd1+ 30. Kh2 b4 31. Bxb4 Qc1 32. Kh3 Rh1+ 33. Kg4 Rh4+ 34. Qxh4 Bxh4 35. Kxh4 Qg5+ 36.
Kh3 Qf5+ 37. Rg4 Qxh5+ 38. Kg3 Qxe5+ 39. Kh3 Qxb2 40. Bd6 Qxf2 41. Bg3 Qf5 42. Kh4 g5+ 43. Kh5 Qg6# 0-1

[Event "*** SCC Grand Prix: Titled Tuesday Blitz"]
[Site "Chess.com"]
[Date "2020.07.14"]
[Round "5"]
[White "Fischerev7"]
[Black "Paladin61"]
[Result "0-1"]
[WhiteElo "2369"]
[BlackElo "2661"]
[TimeControl "180+1"]
[EndTime "10:56:34 PDT"]
[Termination "Paladin61 won by checkmate"]

1. e4 c5 2. Nf3 d6 3. d4 cxd4 4. Nxd4 Nf6 5. Nc3 a6 6. Be3 e5 7.
Nb3 Be6 8. f3 h5 9. Qd2 Nbd7 10.
O-O-O Be7 11. Kb1 Rc8 12. g3 b5 13. Nd5 Bxd5 14. exd5 Nb6 15. Bxb6 Qxb6 16. Na5 Rc5 17. Bd3 Rxd5 18. Nb3 O-O 19. Qe2 a5 20. g4 a4 21. Nc1 Rc5 22. gxh5 Nxh5 23. Rhg1 Nf4 24. Qe4 f5 25. Qe1 Bf6 26. Bxf5 d5 27. Nd3 Nxd3 28.
Bxd3 b4 29. Qg3 b3 30. Qh3 e4 31. fxe4 bxc2+ 32. Kc1 Qxb2+ 33. Kd2 cxd1=Q+ 34. Kxd1 Rc1# 0-1

[Event "*** SCC Grand Prix: Titled Tuesday Blitz"]
[Site "Chess.com"]
[Date "2020.07.14"]
[Round "5"]
[White "PavelShkapenko"]
[Black "1f3_2g41-0"]
[Result "1-0"]
[WhiteElo "2594"]
[BlackElo "2402"]
[TimeControl "180+1"]
[EndTime "10:56:34 PDT"]
[Termination "PavelShkapenko won by resignation"]

1. e4 c5 2. c3 d5 3. exd5 Qxd5 4. Nf3 Nf6 5. d4 e6 6. Be2 Nc6 7. O-O Be7 8. c4 Qd6 9. dxc5 Qc7 10. a3 a5 11. Nc3 Bxc5 12. Nb5 Qe7 13. Bf4 O-O 14. Bd6 Bxd6 15. Qxd6 Rd8 16. Qxe7 Nxe7 17. Rfd1 Bd7 18.
Nd6 Bc6 19. Ne5 Rab8 20. Ndxf7 Rf8 21. Ng5 Nf5 22. Bd3 Rbe8 23. Re1 Nh4 24. Nxc6 bxc6 25. Rxe6 Rxe6 26. Nxe6 Re8 27. Nc5 Ng4 28. b4 Ne5 29.
Bf1 Nf5 30. bxa5 Nd6 31. a6 Kf7 32. Rb1 Ra8 33. Rb4 Ke7 34. f4 Ng4 35. Rb6 Rc8 36.
g3 Ne3 37. Bh3 Ra8 38. Rxc6 Nexc4 39. Bg2 Ra7 40. a4 Ne3 41. a5 Nec4 42. Bd5 Nxa5 43. Rb6 Nac4 44. Bxc4 Nxc4 45. Rb7+ Kd6 46. Rxa7 Kxc5 47.
Rc7+ Kb5 48. Rxc4 Kxa6 49. Rc7 Kb5 50. Rxg7 Kc6 51. Re7 Kd6 52. Re1 Kd5 1-0

[Event "*** SCC Grand Prix: Titled Tuesday Blitz"]
[Site "Chess.com"]
[Date "2020.07.14"]
[Round "5"]
[White "Chernobay_Artem"]
[Black "kirillshevchenko"]
[Result "0-1"]
[WhiteElo "2624"]
[BlackElo "2927"]
[TimeControl "180+1"]
[EndTime "10:56:35 PDT"]
[Termination "kirillshevchenko won on time"]

1. d4 Nf6 2. c4 g6 3. Nc3 Bg7 4. e4 d6 5. Nf3 O-O 6. Be2 e5 7. O-O Nc6 8. d5 Ne7 9. Ne1 Nd7 10. Nd3 f5 11. f3 c5 12. a3 a5 13. Bd2 f4 14. Nb5 Nf6 15. b4 b6 16. bxc5 bxc5 17. Bc3 Ne8 18. Rb1 g5 19. a4 Ng6 20.
Rb3 h5 21. h3 Nh4 22. Be1 Ng6 23. Qb1 g4 24. fxg4 hxg4 25. Bxg4 Bxg4 26. hxg4 Nf6 27.
Nf2 Qd7 28. Nc3 Rf7 29. g5 Nh5 30. Ne2 Qxa4 31. Rh3 Ng3 32. Nxg3 fxg3 33. Rxg3 Qxc4 34. Bd2 Raf8 35. Be3 Nf4 36. Kh1 Ne2 37. Rh3 Nc3 38.
Qc1 Rb7 0-1

[Event "*** SCC Grand Prix: Titled Tuesday Blitz"]
[Site "Chess.com"]
[Date "2020.07.14"]
[Round "5"]
[White "Maghalashvili"]
[Black "Canonkasparov"]
[Result "0-1"]
[WhiteElo "2756"]
[BlackElo "2571"]
[TimeControl "180+1"]
[EndTime "10:56:35 PDT"]
[Termination "Canonkasparov won on time"]

1. Nf3 d5 2. g3 Nf6 3. Bg2 c6 4. O-O Bg4 5. d3 Nbd7 6. Nbd2 e6 7. h3 Bh5 8. e4 Bc5 9. Qe1 O-O 10. d4 Be7 11. c3 Bg6 12. e5 Ne4 13. Qe3 c5 14.
Nb3 b6 15. Nh2 Rc8 16. f4 cxd4 17. Nxd4 Bc5 18. g4 Bxd4 19. cxd4 f5 20. Bd2 Nxd2 21. Qxd2 fxg4 22. hxg4 Rc2 23. Qe3 Rxb2 24. f5 exf5 25.
Bxd5+ Kh8 26. Qc3 Rxh2 27. Kxh2 Nxe5 28. dxe5 Qxd5 29. Rad1 Qxa2+ 30. Rd2 Qa4 31. Qd4 Qb5 32. Qd6 Re8 33. Re1 fxg4 34. Rf2 h5 35. e6 Qg5 36.
Qf4 Qh4+ 37. Kg1 Rc8 38. e7 Kh7 39. Rh2 Qxe1+ 40. Kg2 Rc2+ 0-1

[Event "*** SCC Grand Prix: Titled Tuesday Blitz"]
[Site "Chess.com"]
[Date "2020.07.14"]
[Round "5"]
[White "crossingthestreet"]
[Black "BlackBoarder"]
[Result "1-0"]
[WhiteElo "2418"]
[BlackElo "2576"]
[TimeControl "180+1"]
[EndTime "10:56:35 PDT"]
[Termination "crossingthestreet won by checkmate"]

1. d4 e6 2. Bf4 Nf6 3. e3 c5 4. c3 Nc6 5. Nf3 d5 6. Nbd2 Be7 7. Bd3 Nh5 8. Be5 f6 9. Bg3 g6 10. Qe2 O-O 11. Bh4 Ng7 12. O-O-O Nf5 13. Bg3 Nxg3 14.
hxg3 Kg7 15. dxc5 Bxc5 16. e4 Bd7 17. Kb1 Bb6 18. g4 Qe7 19. Nb3 Rad8 20. Qd2 dxe4 21.
Bxe4 e5 22. Qh6+ Kg8 23. Bxg6 hxg6 24. Qh8+ Kf7 25. Rh7+ Ke6 26. Rxe7+ Nxe7 27. Qh4 Rh8 28. Qg3 Bc6 29. Rxd8 Rxd8 30. g5 Rd1+ 31. Kc2 Rf1 32. gxf6 Rxf2+ 33. Nbd2 Bxf3 34. fxe7 Bc6 35. Qg5 e4 36.
Kd1 e3 37. Nc4 Rf1+ 38. Ke2 Rf2+ 39. Ke1 Rf7 40. Qe5+ Kd7 41. e8=Q# 1-0

[Event "*** SCC Grand Prix: Titled Tuesday Blitz"]
[Site "Chess.com"]
[Date "2020.07.14"]
[Round "5"]
[White "Terao90"]
[Black "Lector118"]
[Result "0-1"]
[WhiteElo "2278"]
[BlackElo "2483"]
[TimeControl "180+1"]
[EndTime "10:56:35 PDT"]
[Termination "Lector118 won on time"]

1. e4 e5 2. Nc3 c6 3. g3 d6 4. Bg2 g6 5. Nge2 Bg7 6. O-O Ne7 7. d4 O-O 8. h3 Nd7 9. Be3 Qc7 10. a4 f5 11. Qd2 Nf6 12. exf5 gxf5 13. Bh6 Ng6 14. Rad1 Be6 15. Bxg7 Kxg7 16. dxe5 dxe5 17. Qd6 Qxd6 18. Rxd6 Kf7 19. Rfd1 Ke7 20. f4 e4 21. R6d4 h5 22. h4 Ng4 23. Bh3 Ne3 24. Rc1 Rad8 25. Kf2 Nc4 26. b3 Nb6 27. Rcd1 Rxd4 28. Nxd4 Bd7 29. Nde2 Rf6 30. a5 Nc8 31. Ke3 Nh8 32.
Nd4 Nf7 33. Nce2 Nfd6 34. c4 b6 35. axb6 axb6 36. Nc3 Rg6 37. Nde2 Nb7 38. Ra1 Nc5 39. b4 Nd3 40. b5 c5 41. Nd5+ Kd8 42. Ra8 Nb2 43. Kd2 Nxc4+ 44. Kc3 Nd6 45. Ne3 Nxb5+ 46. Kd2 Be6 47. Nxf5 Nc7 48. Ra1 b5 49. Ke1 b4 50.
Rd1+ Ke8 0-1

[Event "*** SCC Grand Prix: Titled Tuesday Blitz"]
[Site "Chess.com"]
[Date "2020.07.14"]
[Round "5"]
[White "pavelalexandru07"]
[Black "saraswathii"]
[Result "0-1"]
[WhiteElo "2145"]
[BlackElo "2337"]
[TimeControl "180+1"]
[EndTime "10:56:35 PDT"]
[Termination "saraswathii won on time"]

1. e4 c5 2. Nf3 e6 3. d4 cxd4 4. Nxd4 Nf6 5. Nc3 Nc6 6. Ndb5 Bb4 7. a3 Bxc3+ 8. Nxc3 d5 9. exd5 exd5 10. Bd3 d4 11.
Ne2 O-O 12. O-O h6 13. Ng3 Qd5 14. Re1 Bg4 15. f3 Be6 16. Ne4 Nh7 17. Bf4 Rad8 18.
Qe2 Rfe8 19. Qf2 Kh8 20. Rad1 Nf8 21. Qh4 Ng6 22. Qg3 Nce7 23. Bc1 Nf5 24. Qf2 Bd7 25. Ng3 Rxe1+ 26. Rxe1 Nfe7 27. Ne4 Bc6 28. Qg3 Nf5 29. Qf2 Ne5 30. Ng3 Nxd3 31. cxd3 Nh4 32. Ne4 Ng6 33. Qc2 b6 34. Bd2 Bb5 35. Qb1 Ne5 36.
Nf2 f6 37. Bf4 Ng6 38. Bd2 Qb3 39. Re4 Ne5 40. Bf4 Nxd3 41. Bg3 Nxf2 42. Bxf2 Bd3 0-1